 Dungeon Crawl Stone Soup version 0.25-a0-1119-g28b6fd0 (webtiles) character file.

Game seed: 14042887526202715459, levelgen mode: deterministic

2837 EmperorTekkless the Blocker (level 9, -4/60 HPs)
             Began as a Gargoyle Fighter on May 17, 2020.
             Was a Believer of Makhleb.
             Slain by a two-headed ogre
             ... wielding a +0 giant club
              (13 damage)
             ... while paralysed
             ... on level 7 of the Dungeon.
             The game lasted 00:25:10 (7309 turns).

EmperorTekkless the Blocker (Gargoyle Fighter)      Turns: 7309, Time: 00:25:11

Health: -4/60      AC: 31    Str: 22    XL:     9   Next: 74%
Magic:  11/11      EV:  2    Int: 10    God:    Makhleb [**....]
Gold:   314        SH:  0    Dex:  9    Spells: 8/8 levels left

rFire    . . .     SeeInvis .   K - +0 long sword (protect)
rCold    . . .     Gourm    .   c - +0 kite shield
rNeg     + . .     Faith    .   P - +0 plate armour (curse)
rPois    ∞         Spirit   .   I - +1 hat
rElec    +         Reflect  .   (no cloak)
rCorr    .         Harm     .   (no gloves)
MR       .....                  H - +1 pair of boots
Stlth    ..........             (no amulet)
HPRegen  0.20/turn              g - +4 ring of protection
MPRegen  0.12/turn              y - +4 ring of protection

@: paralysed, fainting
A: negative energy resistance 1, electricity resistance, unbreathing,
petrification resistance, rot immunity, AC +6
a: Minor Destruction, Renounce Religion


You were on level 7 of the Dungeon.
You worshipped Makhleb.
Makhleb was pleased with you.
You were fainting.

You visited 2 branches of the dungeon, and saw 10 of its levels.

You collected 314 gold pieces.


Innate Abilities, Weirdness & Mutations

You are resistant to torment.
Your stone body is resilient. (AC +6)
You are immune to poison.
You resist negative energy. (rN+)
You are resistant to electric shocks. (rElec)
You can survive without breathing.
You are immune to petrification.
You are immune to rotting.


   Skills:
 + Level 8.8 Fighting
 - Level 2.0 Maces & Flails
 + Level 8.2 Armour
 + Level 8.9 Shields
 + Level 3.8 Invocations


You had 8 spell levels left.
You didn't know any spells.
Your spell library was empty.

Dungeon Overview and Level Annotations

Branches:
Dungeon (9/15)               Lair (1/6) D:8
 Temple: D:4-7          Orc: D:9-12

Altars:
Dithmenos
Elyvilon
Makhleb
Ru
Sif Muna
Vehumet
Beogh

Annotations:
D:4 Natasha
D:6 Dowan, Duvessa, Sigmund
D:9 Joseph

Inventory:

Hand Weapons
 a - a +1 flail
 b - a +0 hunting sling
 J - a +0 dagger of venom
   (You took it off an orc wizard on level 1 of the Lair of Beasts)
 K - a +0 long sword of protection (weapon)
   (You found it on level 8 of the Dungeon)
 O - the +7 trident "Heqejoar" {venom, +Rage MR+ Str+7 Dex+4, unknown}
   (You found it on level 1 of the Lair of Beasts)

   It poisons the flesh of those it strikes.
   It affects your strength (+7).
   It affects your dexterity (+4).
   It affects your resistance to hostile enchantments.
   It lets you go berserk.
Missiles
 k - 16 bolts
 z - 155 stones
 C - 41 sling bullets
 D - 9 boomerangs (quivered)
Armour
 c - a +0 kite shield (worn)
 H - a +1 pair of boots (worn)
 I - a +1 hat (worn)
 L - a +0 plate armour
 P - a cursed +0 plate armour (worn)
Jewellery
 g - a +4 ring of protection (left hand)
 n - a -4 ring of intelligence
 y - a +4 ring of protection (right hand)
 R - a cursed -4 ring of evasion {unknown}
Wands
 E - a wand of flame (3)
Scrolls
 F - 2 scrolls of enchant weapon
Potions
 q - a potion of haste {unknown}
 s - 2 potions of curing {unknown}
 w - a potion of flight {unknown}
 x - 2 potions of brilliance {unknown}
 M - a potion of degeneration {unknown}
Comestibles
 f - 6 rations

##.#....####..#######.#
........# #..........#
#####.### ###.#######.#
# #...# #.....# #>#
#.###
#.....#####.###########
###.#
#......................
.##.##
#.....#####.###########
#....######.....#####.#
..#......##.#...@O....#
#....###.##.###########
..#.........# #########
#...####.#### #........
..#.# #.#
############.######.
#...# #.#
#............# #. ..#.#
#.# #.############ #.
#..#####.# #.# #.
.#.......# #.# #.


You could see a two-headed ogre.


Message History

The sling bullet hits you but does no damage.
You see here a sling bullet.
Joseph shoots a sling bullet.
The sling bullet hits you.
* * * LOW HITPOINT WARNING * * *
You see here a sling bullet.
Joseph shoots a sling bullet.
The sling bullet barely misses you.
A gnoll comes into view. It is wielding a +0 whip.
You see here a sling bullet.
Joseph shoots a sling bullet.
You block the sling bullet.
A gnoll comes into view. It is wielding a +0 spear.
Your shield and plate armour prevent you from hitting the gnoll.
The gnoll shouts!
You hear a shout!
An adder comes into view.
You block the gnoll's attack.
Joseph shoots a sling bullet.
You block the sling bullet.
A gnoll comes into view. It is wielding a +0 spear.
The gnoll hits you but does no damage.
Joseph shoots a sling bullet.
The sling bullet hits you but does no damage.
Okay, then.
It was a potion of stabbing.
You feel ready to backstab.
The adder hisses angrily.
The gnoll hits you but does no damage.
Joseph shoots a sling bullet.
You block the sling bullet.
You see here a sling bullet.
Joseph shoots a sling bullet.
The sling bullet hits you but does no damage.
You see here 2 sling bullets.
Joseph shoots a sling bullet.
The sling bullet hits you but does no damage.
You see here a sling bullet.
You block the gnoll's attack.
Joseph shoots a sling bullet.
The sling bullet completely misses you.
Joseph shoots a sling bullet.
The sling bullet hits you but does no damage.
You see here a sling bullet.
Joseph shoots a sling bullet.
You block the sling bullet.
You see here a sling bullet.
There is an open door here.
There isn't anything here!
There is a stone staircase leading up here.
The gnoll hits you but does no damage.
You climb upwards.
The two-headed ogre barely misses you. You block the two-headed ogre's attack.
There is a stone staircase leading down here.
The two-headed ogre barely misses you. You block the two-headed ogre's attack.
The gnoll hits you but does no damage.
You feel less ready to backstab.
There is a stone staircase leading up here.
The two-headed ogre hits you with a +0 giant club.
* * * LOW HITPOINT WARNING * * *
You block the two-headed ogre's attack.
You climb upwards.
There is a stone staircase leading down here.
You are fainting from starvation!
There is a stone staircase leading down here.
You lose consciousness!
The two-headed ogre hits you but does no damage. x2
The two-headed ogre completely misses you.
The two-headed ogre barely misses you.
The two-headed ogre hits you with a +0 giant club!
* * * LOW HITPOINT WARNING * * *
The two-headed ogre hits you with a +0 giant club!
* * * LOW HITPOINT WARNING * * *
The two-headed ogre hits you but does no damage.
The two-headed ogre hits you with a +0 giant club.
* * * LOW HITPOINT WARNING * * *
The two-headed ogre hits you but does no damage. x4
The two-headed ogre hits you with a +0 giant club!
You die...

Action                   |  1- 3 |  4- 6 |  7- 9 || total
-------------------------+-------+-------+-------++-------
Melee: Flail             |   159 |   242 |   250 ||   651
       Long sword        |       |       |   147 ||   147
 Fire: Hunting sling     |       |     6 |    18 ||    24
Throw: Boomerang         |       |       |    18 ||    18
Invok: Minor Destruction |       |       |     6 ||     6
Evoke: Wand              |       |       |    14 ||    14
  Use: Scroll            |       |     7 |     4 ||    11
       Potion            |       |     1 |     1 ||     2
  Eat: Chunk             |     2 |     4 |     7 ||    13
       Ration            |       |     1 |     1 ||     2
Armor: Scale mail        |    74 |   165 |   293 ||   532
       Plate armour      |       |       |   110 ||   110
Dodge: Dodged            |    44 |    88 |   227 ||   359
Block: Kite shield       |    92 |   162 |   372 ||   626
       Rpst.: Long sword |       |       |    30 ||    30

Levels and vault maps discovered:
D:1:      nicolae_arrival_washed_ashore, layout_loops_ring
D:2:      minmay_general_purpose_star, layout_basic, nicolae_ru_path_of_blood,
          overflow_temple_1_default, gammafunk_temple_overflow_pools
D:3:      layout_basic, makhleb_altar_promises_db, kennysheep_orc_chapel
D:4:      layout_basic, palyth_stone_intersect, uniq_crazy_yiuf_cottage,
          uniq_natasha, uniq_edmund
D:5:      layout_gridville, lemuel_coloured_pillars_altar, first_ration
D:6:      layout_loops_corners, minmay_temple_entry_fiery, uniq_sigmund,
          uniq_duvessa
D:7:      layout_loops_ring, led_sif_pool, enter_bailey_3, hex_medium
D:8:      layout_basic, lemuel_crystal_altar, erik_lair_island, serial_curves,
          eino_curves_03, eino_curves_02
D:9:      layout_roguey, basic_altar, uniq_erica, uniq_joseph, uniq_grum
Lair:1:   layout_loops_ring, st_stairs_5

Notes
Turn   | Place    | Note
-------+----------+-------------------------------------------
     0 | D:1      | EmperorTekkless the Gargoyle Fighter began the quest for
                  | the Orb.
     0 | D:1      | Reached XP level 1. HP: 14/14 MP: 1/1
   302 | D:1      | Reached XP level 2. HP: 16/19 MP: 2/2
  1015 | D:2      | Reached XP level 3. HP: 18/24 MP: 3/3
  1029 | D:2      | Reached skill level 4 in Fighting
  1029 | D:2      | Reached skill level 4 in Shields
  1636 | D:2      | Reached XP level 4. HP: 30/30 MP: 4/4
  1897 | D:2      | Found a shadowy altar of Dithmenos.
  2036 | D:2      | Found a sacrificial altar of Ru.
  2128 | D:2      | Found a radiant altar of Vehumet.
  2129 | D:2      | Found a white marble altar of Elyvilon.
  2337 | D:3      | Found a burning altar of Makhleb.
  2348 | D:3      | Noticed a cacodemon
  2351 | D:3      | Noticed an orange demon
  2351 | D:3      | Noticed a ynoxinul
  2353 | D:3      | Became a worshipper of Makhleb the Destroyer
  2482 | D:3      | Found a roughly hewn altar of Beogh.
  2489 | D:3      | Reached XP level 5. HP: 34/34 MP: 5/5
  2493 | D:3      | Reached skill level 5 in Shields
  2523 | D:3      | Reached skill level 5 in Fighting
  2681 | D:3      | Reached skill level 4 in Armour
  2816 | D:3      | Reached * piety under Makhleb
  2822 | D:3      | Reached XP level 6. HP: 37/40 MP: 6/6
  3163 | D:4      | Noticed Natasha
  3173 | D:5      | Entered Level 5 of the Dungeon
  3560 | D:5      | Noticed an ice beast
  3577 | D:5      | Noticed a hippogriff
  3649 | D:4      | Noticed a hippogriff
  3763 | D:6      | Reached XP level 7. HP: 43/45 MP: 7/7
  3865 | D:6      | Noticed Duvessa
  3865 | D:6      | Noticed Dowan
  3865 | D:6      | Noticed Sigmund
  3946 | D:7      | Reached skill level 5 in Armour
  3946 | D:7      | Reached skill level 6 in Shields
  3980 | D:7      | Reached skill level 6 in Fighting
  4176 | D:7      | Reached XP level 8. HP: 37/52 MP: 8/8
  4344 | D:7      | Found a shimmering blue altar of Sif Muna.
  4348 | D:7      | Reached skill level 6 in Armour
  4454 | D:7      | Found a flagged portal.
  4933 | D:7      | Reached skill level 7 in Shields
  4942 | D:7      | Reached skill level 7 in Fighting
  5026 | D:7      | Reached ** piety under Makhleb
  5291 | D:8      | Reached skill level 7 in Armour
  5292 | D:8      | Found a staircase to the Lair.
  5385 | D:8      | Noticed a troll
  5401 | D:8      | HP: 13/54 [troll (8)]
  5406 | D:8      | HP: 12/54 [troll (2)]
  5660 | Lair:1   | Entered Level 1 of the Lair of Beasts
  5893 | Lair:1   | Reached skill level 1 in Invocations
  5901 | Lair:1   | Reached XP level 9. HP: 47/59 MP: 9/9
  6073 | D:8      | Reached skill level 8 in Shields
  6083 | D:8      | Reached skill level 8 in Fighting
  6144 | D:8      | Reached skill level 2 in Invocations
  6356 | D:8      | Noticed a two-headed ogre
  6462 | Lair:1   | Noticed a six-headed hydra
  6479 | Lair:1   | Killed a six-headed hydra
  6479 | Lair:1   | Reached skill level 8 in Armour
  6479 | Lair:1   | Reached skill level 3 in Invocations
  6487 | Lair:1   | Got a faintly glowing trident
  6548 | Lair:1   | Noticed a komodo dragon
  6876 | D:9      | HP: 12/60 [wyvern (10)]
  7126 | D:9      | Noticed Joseph
  7171 | D:9      | HP: 12/60 [Joseph/+2 quarterstaff of protection (9)]
  7187 | D:9      | HP: 8/60 [Joseph/sling bullet (1)]
  7299 | D:7      | Paralysed by fainting for 12 turns
  7303 | D:7      | HP: 11/60 [two-headed ogre/+0 giant club (10)]
  7309 | D:7      | Slain by a two-headed ogre

Vanquished Creatures
  A hydra (Lair:1)
  A wyvern (D:9)
  An orc warrior (Lair:1)
  A sky beast (D:7)
  A black bear (Lair:1)
  A necrophage (D:7)
  4 wolves
  A centaur (D:5)
  A crocodile (Lair:1)
  3 bullfrogs
  5 killer bees (D:8)
  A scorpion (D:7)
  2 electric eels (D:8)
  A bullfrog zombie (D:7)
  4 hounds (D:7)
  2 orc priests (D:3)
  A gnoll shaman (D:7)
  An iguana (D:7)
  3 orc wizards
  3 worker ants
  5 gnolls (D:7)
  3 adders
  A shadow imp (D:5)
  An ooze (D:2)
  An adder zombie (D:7)
  5 worms
  3 dart slugs
  3 leopard geckos
  18 orcs
  9 giant cockroaches
  12 goblins
  7 hobgoblins
  5 jackals
  9 kobolds
  3 quokkas
  A ball python (D:2)
  5 bats
  5 frilled lizards
  A quokka zombie (D:7)
  10 rats
145 creatures vanquished.
